 Dungeon Crawl Stone Soup version 0.29.1-1-gd02db6906a (webtiles) character file.

Game seed: 18028513593828563980

107 hawla the Firebug (level 5, 0/37 (38) HPs)
             Began as a Meteoran Fire Elementalist on Oct 3, 2022.
             Was an Initiate of Vehumet.
             Slain by Crazy Yiuf
             ... wielding a +3 quarterstaff of chaos
              (1 damage)
             ... while petrified by Crazy Yiuf
             ... on level 4 of the Dungeon.
             The game lasted 00:06:18 (1796 turns).

hawla the Firebug (Meteoran Fire Elementalist)      Turns: 1796, Time: 00:06:18

HP:   0/37 (38)     AC:  3    Str: 10    XL:     5   Next: 34%
MP:   5/10          EV:  2    Int: 18    God:    Vehumet [......]
Gold: 94            SH:  0    Dex: 14    Spells: 2/9 levels left

rFire   . . .      SeeInvis .   c - staff of earth
rCold   . . .      Faith    .   (no shield)
rNeg    + + +      Spirit   .   a - +0 robe
rPois   ∞          Reflect  .   (no helmet)
rElec   .          Harm     .   (no cloak)
rCorr   .          Rampage  .   (no gloves)
Will    .....                   g - +0 pair of boots
Stlth   +.........              (no amulet)
HPRegen 0.12/turn               d - ring of positive energy
MPRegen 0.12/turn               (no ring)

@: petrified, glowing, lightly drained
A: sense surroundings 1, otherworldly, glowing, explore regen
a: Renounce Religion


You were on level 4 of the Dungeon.
You worshipped Vehumet.
Vehumet was noncommittal.
You visited 1 branch of the dungeon, and saw 4 of its levels.

You collected 94 gold pieces.

Inventory:

Armour
 a - a +0 robe (worn)
 g - a +0 pair of boots (worn)
Magical Staves
 c - a staff of earth (weapon)
Jewellery
 d - a ring of positive energy (left hand)
Wands
 j - a wand of roots (6)
Scrolls
 f - 2 scrolls of identify
 i - a scroll of vulnerability {unknown}
 n - a scroll of teleportation
 p - 4 scrolls of enchant weapon
 q - a scroll of magic mapping {unknown}
Potions
 b - a potion of magic
 e - 2 potions of lignification {unknown}
 h - 2 potions of heal wounds {unknown}
 k - a potion of haste {unknown}
 l - 2 potions of cancellation {unknown}
 m - a potion of mutation {unknown}
 o - a potion of berserk rage {unknown}


   Skills:
 - Level 0.1 Fighting
 - Level 1.2 Staves
 - Level 2.5 Dodging
 - Level 1.4 Stealth
 - Level 2.9 Spellcasting
 * Level 2.2 Conjurations
 + Level 5.1 Fire Magic
 - Level 1.5 Earth Magic
 - Level 1.5 Evocations


You had 2 spell levels left.
You knew the following spells:

 Your Spells              Type           Power      Damage    Failure   Level
a - Foxfire               Conj/Fire      60%        2x1d7     3%          1
b - Scorch                Fire           42%        2d7       3%          2
c - Flame Wave            Conj/Fire      15%        2d7       36%         4

Your spell library contained the following spells:

 Spells                   Type           Power      Damage    Failure   Level
 Conjure Flame            Conj/Fire      15%        6-21      11%         3
 Inner Flame              Hex/Fire       11%        N/A       17%         3
 Fulminant Prism          Conj/Hex       3%         3d6       71%         4
 Iskenderun's Mystic Bla  Conj/Tloc      6%         2d4       71%         4
 Summon Lightning Spire   Summ/Air       2%         N/A       86%         4
 Lee's Rapid Deconstruct  Erth           6%         3d7*      94%         5
 Storm Form               Tmut/Air       1%         N/A       100%        7
 Maxwell's Capacitive Co  Air            1%         ∞         100%        8


Dungeon Overview and Level Annotations

Branches:
Dungeon (4/15) Zot: 585
 Temple: D:4-7

Altars:
Trog
Uskayaw
Vehumet
The Shining One

Annotations:
D:4 Crazy Yiuf


Innate Abilities, Weirdness & Mutations

You passively map a small area around you.
You are easily found by Zot.
You glow in the dark.
You regain HP and MP as you explore.


Message History

You don't know that spell.
As you open the door, it creaks loudly!
Casting: Scorch (safe; 3% risk of failure)
Confirm with . or Enter, or press ? or * to list all spells.
The spell is extremely dangerous to miscast (36% risk of failure)!
Continue anyway?
Casting: Flame Wave (extremely dangerous; 36% risk of failure)
Press: ? - help, Dir - look around, f - activate A wave of flame ripples out!
The flame wave engulfs Crazy Yiuf.
Crazy Yiuf is lightly wounded. (Press . to intensify the flame waves.) Crazy Yiuf hits you with a +3 quarterstaff of chaos.
You are slowing down.
Casting: Flame Wave (extremely dangerous; 36% risk of failure)
Confirm with . or Enter, or press ? or * to list all spells.
Flames lash Crazy Yiuf.
Crazy Yiuf is moderately wounded.
Crazy Yiuf's fire resistance burns away.
Crazy Yiuf hits you with a +3 quarterstaff of chaos.
You are confused.
Your limbs are stiffening.
Crazy Yiuf hits you with a +3 quarterstaff of chaos!
You partially resist.
You feel drained.
Crazy Yiuf hits you with a +3 quarterstaff of chaos!
You resist with some effort.
You have turned to stone.
Crazy Yiuf is no longer more vulnerable to fire.
Crazy Yiuf cries, "Proton agre canine!"
Crazy Yiuf hits you with a +3 quarterstaff of chaos!
Crazy Yiuf burns you.
Crazy Yiuf hits you with a +3 quarterstaff of chaos!
* * * LOW HITPOINT WARNING * * *
You easily resist.
You feel less confused.
Crazy Yiuf hits you with a +3 quarterstaff of chaos!
* * * LOW HITPOINT WARNING * * *
Crazy Yiuf hits you with a +3 quarterstaff of chaos!
* * * LOW HITPOINT WARNING * * *
Space warps around you.
* * * LOW HITPOINT WARNING * * *
Crazy Yiuf hits you with a +3 quarterstaff of chaos.
You die...

######## ###
###.#....## ,
#...##..#......##
,
#...g@####......#
#)..### ##.....#
, ### * ####..# ,
#.## #.# ,* * *
## #.# *
*####.###.# ,,
.........# * ,
......).##


You could see Crazy Yiuf.

Vanquished Creatures
  5 adders
  2 worms
  5 dart slugs
  2 ball pythons
  2 bats
  2 giant cockroaches (D:2)
  6 goblins
  8 hobgoblins
  3 jackals (D:3)
  A quokka (D:1)
  A frilled lizard (D:2)
  3 kobolds
  7 rats
47 creatures vanquished.

Vanquished Creatures (others)
  35 foxfires
35 creatures vanquished.

Grand Total: 82 creatures vanquished

Notes
Turn   | Place    | Note
-------+----------+-------------------------------------------
     0 | D:1      | hawla the Meteoran Fire Elementalist began the quest for
                  | the Orb.
     0 | D:1      | Reached XP level 1. HP: 14/14 MP: 5/5
   115 | D:1      | Reached XP level 2. HP: 15/20 MP: 6/6
   118 | D:1      | Learned a level 2 spell: Scorch
   209 | D:1      | Reached skill level 1 in Earth Magic
   209 | D:1      | Reached skill level 1 in Evocations
   259 | D:1      | Found a faded altar of an unknown god.
   458 | D:1      | Reached XP level 3. HP: 24/26 MP: 8/8
   490 | D:1      | Glimpsed the power of Zot.
   569 | D:2      | Reached skill level 1 in Staves
   574 | D:2      | Reached skill level 4 in Fire Magic
   712 | D:2      | Reached XP level 4. HP: 33/33 MP: 2/9
   717 | D:2      | Learned a level 4 spell: Flame Wave
  1084 | D:2      | Glimpsed the power of Zot.
  1134 | D:2      | Glimpsed the power of Zot.
  1326 | D:3      | Reached XP level 5. HP: 33/38 MP: 5/10
  1328 | D:3      | Found a glowing golden altar of the Shining One.
  1328 | D:3      | Found a bloodstained altar of Trog.
  1334 | D:3      | Found a hide-covered altar of Uskayaw.
  1334 | D:3      | Found a radiant altar of Vehumet.
  1374 | D:3      | Became a worshipper of Vehumet
  1572 | D:3      | Reached skill level 5 in Fire Magic
  1683 | D:3      | Glimpsed the power of Zot.
  1733 | D:3      | Glimpsed the power of Zot.
  1784 | D:4      | Found a runed translucent door.
  1785 | D:4      | Noticed Crazy Yiuf
  1795 | D:4      | HP: 1/37 [Crazy Yiuf/+3 quarterstaff of chaos (2)]
  1796 | D:4      | Slain by Crazy Yiuf

Illustrated notes

Levels and vault maps discovered:
D:1:      eino_arrival_cavern_e, layout_loops_corners, basic_ecumenical_altar,
          minmay_misc_feat_four_crosses, grunt_decor_cap
D:2:      layout_loops_ring, kennysheep_minor_cross
D:3:      layout_loops_corners, mainiacjoe_overflow_alcove_3
D:4:      old_forge, layout_rooms, mainiacjoe_overflow_six_doors_small,
          temple_fountains, gammafunk_ghost_necromancy, skrybe_limestone_x,
          nicolae_shop_sticking_my_neck_out, uniq_crazy_yiuf_cottage

Skill      XL: |  1  2  3  4  5 |
---------------+----------------+-----
Earth Magic    | 1 |  1.5
Evocations     | 1 |  1.5
Staves         | 1 |  1.2
Fire Magic     | 4 5 |  5.1
Conjurations   | 2 |  2.2
Fighting       | |  0.1
Dodging        | |  2.5
Stealth        | |  1.4
Spellcasting   | |  2.9

Action                   |  1- 3 |  4- 6 || total
-------------------------+-------+-------++-------
Melee: Staff             |    71 |    34 ||   105
 Cast: Foxfire           |     8 |    13 ||    21
       Scorch            |    11 |    20 ||    31
       Flame Wave        |       |     1 ||     1
  Use: Scroll            |       |     6 ||     6
Armor: Robe              |    25 |    14 ||    39
Dodge: Dodged            |    51 |    16 ||    67
